 Dungeon Crawl Stone Soup version 0.20.1-1-g8b1a95d (webtiles) character file.

2748 Knicklaso the Slicer (level 9, -4/63 HPs)
             Began as a White Draconian Conjurer on July 15, 2017.
             Was a Follower of Dithmenos.
             Slain by a two-headed ogre
             ... wielding a +0 giant spiked club
              (11 damage)
             ... on level 7 of the Dungeon.
             The game lasted 00:42:06 (9842 turns).

Knicklaso the Slicer (White Draconian Conjurer)     Turns: 9842, Time: 00:42:06

Health: -4/63      AC:  8    Str: 10    XL:     9   Next: 41%
Magic:  12/12      EV: 12    Int: 18    God:    Dithmenos [*.....]
Gold:   240        SH:  0    Dex: 13    Spells: 10/13 levels left

rFire    . . .     SeeInvis .   q - +2 short sword (elec)
rCold    + . .     Gourm    .   (no shield)
rNeg     . . .     Faith    .   (armour unavailable)
rPois    .         Spirit   .   (helmet restricted)
rElec    .         Reflect  .   (no cloak)
rCorr    .         Harm     .   B - +0 pair of gloves
MR       .....                  (no boots)
Stlth    +++.......             (no amulet)
Regen    0.2/turn               (no ring)
MPRegen  0.2/turn               (no ring)

@: flying, wreathed by umbra
A: breathe frost, unfitting armour, cold resistance 1, cold-blooded, AC +7
a: Breathe Frost, Renounce Religion


You were on level 7 of the Dungeon.
You worshipped Dithmenos.
Dithmenos was aware of your devotion.
You were not hungry.

You visited 2 branches of the dungeon, and saw 9 of its levels.

You collected 240 gold pieces.

Inventory:

Hand Weapons
 q - a +2 short sword of electrocution (weapon)
Armour
 B - a +0 pair of gloves (worn)
Magical Staves
 h - an uncursed staff of death {unknown}
Wands
 v - a wand of iceblast (15/15)
Scrolls
 f - 2 scrolls of amnesia
 k - 2 scrolls of enchant armour
 s - a scroll of immolation
 w - a scroll of remove curse
Potions
 c - a potion of lignification
 e - a potion of agility
 i - a potion of might
 j - a potion of berserk rage {unknown}
 p - a potion of curing
 r - a potion of ambrosia {unknown}
 x - a potion of haste {unknown}
 z - a potion of degeneration {unknown}
Books
 a - a book of Conjurations

   Spells                             Type                      Level
   a - Magic Dart                     Conjuration                  1
   b - Searing Ray                    Conjuration                  2
   c - Dazzling Spray                 Conjuration/Hexes            3
   d - Fulminant Prism                Conjuration/Hexes            4
   e - Force Lance                    Conjuration/Translocation    4
   f - Iskenderun's Mystic Blast      Conjuration                  4
 u - a book of Air

   Spells                             Type                      Level
   a - Shock                          Conjuration/Air              1
   b - Swiftness                      Charms/Air                   2
   c - Static Discharge               Conjuration/Air              3
   d - Airstrike                      Air                          4
   e - Lightning Bolt                 Conjuration/Air              5
Comestibles
 b - 6 bread rations
 d - 3 royal jellies
 m - 5 meat rations
 o - 4 fruits
 A - 2 chunks of flesh


   Skills:
 - Level 0.9 Fighting
 + Level 11.3 Short Blades
 - Level 2.0 Dodging
 * Level 4.9 Stealth
 - Level 1.6 Unarmed Combat
 - Level 2.5 Spellcasting
 - Level 4.4 Conjurations


You had 10 spell levels left.
You knew the following spells:

 Your Spells              Type           Power        Failure   Level  Hunger
a - Magic Dart            Conj           ###.         2%          1    #......
b - Searing Ray           Conj           ###...       4%          2    ##.....


Dungeon Overview and Level Annotations

Branches:
Dungeon (8/15)             Temple (1/1) D:5
   Lair: D:8-11

Altars:
Cheibriados
Dithmenos
Elyvilon
Fedhas
Gozag
Hepliaklqana
Kikubaaqudgha
Makhleb
Nemelex Xobeh
Qazlal
Ru
Sif Muna
Trog
Uskayaw
Vehumet
Xom
Yredelemnul
Zin
The Shining One


Innate Abilities, Weirdness & Mutations

You can breathe waves of freezing cold.
You can buffet flying creatures when you breathe cold.
Your icy white scales are hard. (AC +7)
You cannot fit into any form of body armour.
Your flesh is cold resistant. (rC+)
You are cold-blooded and may be slowed by cold attacks.


Message History

The two-headed ogre hits you with a giant spiked club!!
The two-headed ogre barely misses you. The gnoll completely misses you.
The jackal bites you.
The jackal bites you but does no damage.
The bullfrog croaks.
You climb upwards.
There is a stone staircase leading down here.
As you read the scroll of fog, it crumbles to dust.
The scroll dissolves into smoke.
The jackal bites you. The jackal closely misses you.
The two-headed ogre hits you with a giant spiked club!!
* * * LOW HITPOINT WARNING * * *
The two-headed ogre hits you but does no damage.
The gnoll misses you.
You feel very buoyant.
You fly up into the air.
The jackal bites you but does no damage.
The jackal barely misses you. The two-headed ogre barely misses you.
The two-headed ogre hits you with a giant club!
You die...

.## #.......##...##
##..## ## ##
#.............## ##.#
# ##..............#
###
#####....###..<.....##
..#...####
###.......### ....###
#.........### ....##
#...........####
.....##
#.h§§....#.....###
......#
#§§@§....###.....###
......## ##gOh.####
###...... .......#
###### ####...
......## ###. .....##
## #...## #####


You could see a two-headed ogre, a gnoll and 2 jackals.

Vanquished Creatures
  Grinder (D:3)
  A steam dragon (D:7)
  The ghost of tschems the Chopper, an amateur HuFi (D:4)
  Edmund (D:6)
  An orc warrior (D:6)
  2 sky beasts
  3 ogres (D:4)
  A centaur (D:6)
  3 bullfrogs
  A wyvern zombie (D:6)
  2 scorpions (D:6)
  A howler monkey (D:7)
  A bullfrog zombie (D:7)
  A crimson imp (D:7)
  A gnoll shaman (D:7)
  A hound (D:4)
  4 orc priests
  A jelly (D:7)
  7 orc wizards
  A bullfrog skeleton (D:4)
  Natasha (thrice) (D:3)
  4 iguanas
  5 worker ants
  A hound skeleton (D:7)
  10 gnolls
  A howler monkey skeleton (D:4)
  11 adders
  An adder skeleton (D:6)
  A worm (D:3)
  2 dart slugs
  5 leopard geckos
  34 orcs
  4 bat zombies (D:6)
  7 giant cockroaches
  8 goblins
  6 hobgoblins
  8 jackals
  5 quokkas
  11 bats
  4 frilled lizards
  10 kobolds
  6 rats
  2 rat zombies (D:6)
184 creatures vanquished.

Notes
Turn   | Place    | Note
-------+----------+-------------------------------------------
     0 | D:1      | Knicklaso the Draconian Conjurer began the quest for the Orb.
     0 | D:1      | Reached XP level 1. HP: 14/14 MP: 3/3
   632 | D:1      | Reached XP level 2. HP: 20/20 MP: 5/5
  1719 | D:2      | Found a blossoming altar of Fedhas.
  1748 | D:2      | Reached skill level 1 in Unarmed Combat
  1900 | D:2      | Reached XP level 3. HP: 27/27 MP: 0/6
  2703 | D:2      | Reached XP level 4. HP: 34/34 MP: 5/7
  3767 | D:3      | Reached skill level 1 in Short Blades
  3995 | D:3      | Reached skill level 2 in Short Blades
  4077 | D:3      | Reached XP level 5. HP: 37/39 MP: 3/8
  4310 | D:3      | Reached skill level 3 in Short Blades
  4407 | D:3      | Noticed Natasha
  4417 | D:3      | Killed Natasha
  4482 | D:3      | Noticed Natasha
  4488 | D:3      | Killed Natasha
  4488 | D:3      | Reached skill level 4 in Short Blades
  4500 | D:3      | Noticed Grinder
  4501 | D:3      | Noticed Natasha
  4518 | D:3      | Killed Natasha
  4518 | D:3      | Reached XP level 6. HP: 46/46 MP: 1/9
  4530 | D:3      | Paralysed by Grinder for 4 turns
  4632 | D:3      | Killed Grinder
  4632 | D:3      | Reached skill level 5 in Short Blades
  4839 | D:4      | Noticed tschems's ghost (amateur HuFi)
  4853 | D:4      | Killed tschems's ghost
  4853 | D:4      | Reached skill level 6 in Short Blades
  4853 | D:4      | Your scales start taking on an icy white colour.
  4853 | D:4      | Reached XP level 7. HP: 22/51 MP: 5/10
  4853 | D:4      | Gained mutation: Your flesh is cold resistant. (rC+) [White Draconian growth]
  5153 | D:4      | Reached skill level 7 in Short Blades
  5277 | D:4      | Reached skill level 8 in Short Blades
  5313 | D:4      | Reached XP level 8. HP: 20/58 MP: 5/11
  5761 | D:4      | You fall through a shaft!
  5761 | D:5      | Entered Level 5 of the Dungeon
  5761 | D:5      | Found a staircase to the Ecumenical Temple.
  6221 | Temple   | Entered the Ecumenical Temple
  6440 | Temple   | Became a worshipper of Dithmenos the Shadowed
  6499 | D:6      | Reached skill level 9 in Short Blades
  6813 | D:6      | Learned a level 2 spell: Searing Ray
  7458 | D:6      | Noticed Edmund
  7473 | D:6      | Killed Edmund
  7473 | D:6      | Reached skill level 10 in Short Blades
  7539 | D:6      | Found an ancient bone altar of Kikubaaqudgha.
  7791 | D:6      | Reached * piety under Dithmenos
  7874 | D:6      | Reached XP level 9. HP: 63/63 MP: 4/12
  8216 | D:7      | Found a stormy altar of Qazlal.
  8663 | D:7      | Found a sacrificial altar of Ru.
  8916 | D:7      | Reached skill level 11 in Short Blades
  9612 | D:8      | Noticed a two-headed ogre
  9842 | D:7      | Slain by a two-headed ogre

Skill      XL: |  1  2  3  4  5  6  7  8  9 |
---------------+----------------------------+-----
Stealth        | 2 4 |  4.9
Unarmed Combat | 1 |  1.6
Dodging        | 2 |  2.0
Short Blades   | 2 4 6 8 10 11 | 11.3
Fighting       | |  0.9
Spellcasting   | |  2.5
Conjurations   | |  4.4

Action                   |  1- 3 |  4- 6 |  7- 9 || total
-------------------------+-------+-------+-------++-------
Melee: Unarmed           |   165 |    19 |       ||   184
       Tailslap          |    14 |    11 |    25 ||    50
       Short sword       |       |    94 |   250 ||   344
       Punch             |       |       |     1 ||     1
 Cast: Magic Dart        |    46 |    96 |   149 ||   291
       Searing Ray       |       |       |    14 ||    14
  Use: Potion            |     1 |       |     2 ||     3
       Scroll            |       |       |    16 ||    16
 Stab: Sleeping          |     1 |       |       ||     1
  Eat: Chunk             |     5 |     9 |    17 ||    31
Armor: Skin              |    66 |    19 |    64 ||   149
Dodge: Dodged            |   110 |    44 |   132 ||   286
